 Dungeon Crawl Stone Soup version 0.28-a0-1444-g6c55d0bc0c (webtiles) character file.

Game seed: 14266052884572682990

9242 Deminshera the Fighter (level 11, -2/60 HPs)
             Began as a Vine Stalker Brigand on Jan 10, 2022.
             Was a Priest of Uskayaw.
             Succumbed to a meliai's poison
             ... on level 10 of the Dungeon.
             The game lasted 00:14:09 (10743 turns).

Deminshera the Fighter (Vine Stalker Brigand)      Turns: 10743, Time: 00:14:10

Health: -2/60      AC:  9    Str: 22    XL:     11   Next: 43%
Magic:  10/16      EV: 10    Int: 11    God:    Uskayaw [***...]
Gold:   871        SH: 10    Dex: 18    Spells: 10/10 levels left

rFire   . . .      SeeInvis .   A - +6 scimitar
rCold   . . .      Faith    .   w - +0 kite shield
rNeg    . . .      Spirit   +   H - +3 leather armour
rPois   .          Reflect  .   (no helmet)
rElec   .          Harm     .   c - +1 cloak
rCorr   .          Rampage  .   r - +0 pair of gloves
Will    +....                   (no boots)
Stlth   ++++......              y - amulet of regeneration
HPRegen 1.80/turn               L - +6 ring of strength
MPRegen 0.15/turn               (no ring)

@: lethally poisoned (-2 -> -15)
A: fangs 3, regeneration 1, magic shield, antimagic bite, no potion heal 2
a: Renounce Religion, Stomp, Line Pass


You were on level 10 of the Dungeon.
You worshipped Uskayaw.
Uskayaw was noncommittal.
You visited 2 branches of the dungeon, and saw 11 of its levels.
You also visited: Sewer and Bailey.

You collected 871 gold pieces.

Inventory:

Hand Weapons
 l - a +1 dagger of flaming
 q - a +1 short sword of draining
 A - a +6 scimitar (weapon)
Missiles
 d - 79 poisoned darts
 e - 2 curare-tipped darts (quivered)
 x - 12 atropa-tipped darts
Armour
 c - a +1 cloak (worn)
 r - a +0 pair of gloves (worn)
 w - a +0 kite shield (worn)
 G - a +1 plate armour of fire resistance
 H - a +3 leather armour (worn)
Jewellery
 y - an amulet of regeneration (around neck)
 L - a +6 ring of strength (left hand)
Wands
 v - a wand of iceblast (23)
 z - a wand of paralysis (6)
 C - a wand of digging (4)
 F - a wand of acid (7)
 K - a wand of flame (10)
Scrolls
 f - 2 scrolls of blinking
 i - 3 scrolls of amnesia
 m - a scroll of fog
 s - a scroll of enchant armour
 u - a scroll of fear
 I - a scroll of identify
 J - a scroll of summoning {unknown}
Potions
 a - 2 potions of invisibility {unknown}
 b - 2 potions of lignification {unknown}
 g - a potion of berserk rage {unknown}
 h - 2 potions of haste {unknown}
 j - 6 potions of heal wounds {unknown}
 k - 2 potions of magic
 n - 3 potions of degeneration {unknown}
 o - 6 potions of curing
 p - 2 potions of might
 t - 2 potions of mutation {unknown}
 B - a potion of attraction {unknown}
Miscellaneous
 D - a box of beasts
 E - a lightning rod (4/4)


   Skills:
 + Level 8.5 Fighting
 - Level 6.9(7.6) Short Blades
 + Level 4.6(6.4) Long Blades
 - Level 2.0 Throwing
 - Level 0.7 Dodging
 - Level 8.0 Stealth
 + Level 5.3 Shields
 + Level 6.5 Invocations
 + Level 5.9 Evocations


You had 10 spell levels left.
You didn't know any spells.
Your spell library contained the following spells:

 Spells                   Type           Power      Damage    Failure   Level
 Animate Skeleton         Necr           0%         N/A       75%         1
 Foxfire                  Conj/Fire      0%         2x1d4     75%         1
 Magic Dart               Conj           0%         1d3       75%         1
 Pain                     Necr           0%         1d4       75%         1
 Summon Small Mammal      Summ           0%         N/A       75%         1
 Ensorcelled Hibernation  Hex/Ice        0%         N/A       87%         2
 Searing Ray              Conj           0%         2d4       87%         2
 Call Canine Familiar     Summ           0%         N/A       98%         3
 Conjure Flame            Conj/Fire      0%         6-21      98%         3
 Inner Flame              Hex/Fire       0%         N/A       98%         3
 Summon Guardian Golem    Hex/Summ       0%         N/A       98%         3
 Vampiric Draining        Necr           0%         2d6       98%         3
 Flame Wave               Conj/Fire      0%         2d4       100%        4
 Fulminant Prism          Conj/Hex       0%         3d6       100%        4
 Passage of Golubria      Tloc           0%         N/A       100%        4
 Blade Hands              Tmut           0%         N/A       100%        5
 Irradiate                Conj/Tmut      0%         3d13      100%        5
 Iskenderun's Battlesphe  Conj           0%         2d6       100%        5
 Silence                  Hex/Air        0%         N/A       100%        5
 Summon Forest            Summ/Tloc      0%         N/A       100%        5
 Summon Mana Viper        Hex/Summ       0%         N/A       100%        5
 Iron Shot                Conj/Erth      0%         9d1       100%        6
 Summon Cactus Giant      Summ           0%         N/A       100%        6
 Dragon Form              Tmut           0%         N/A       100%        7
 Spellforged Servitor     Conj/Summ      0%         N/A       100%        7
 Lehudib's Crystal Spear  Conj/Erth      0%         10d2      100%        8


Dungeon Overview and Level Annotations

Branches:
Dungeon (10/15)            Temple (1/1) D:4           Sewer (visited)
 Bailey (visited)
   Lair: D:8-11         Orc: D:9-12

Altars:
Ashenzari
Cheibriados
Dithmenos
Elyvilon
Fedhas
Gozag
Hepliaklqana
Kikubaaqudgha
Makhleb
Nemelex Xobeh
Okawaru
Qazlal
Ru
Sif Muna
Trog
Uskayaw
Vehumet
Xom
Yredelemnul
Zin
The Shining One

Shops:
D:3 =


Innate Abilities, Weirdness & Mutations

You have razor-sharp teeth.
Your natural rate of healing is unusually fast.
When hurt, damage is shared between your health and your magic reserves.
Your bite disrupts and absorbs the magic of your enemies.
Potions cannot restore your health.


Message History

Press: ? - help, Q - select action, (/) - cycle Shift-Dir - straight line, f - meliai
Aim: a meliai, wielding a +0 broad axe and wearing a +0 leather armour (54% to hit)
You throw a curare-tipped dart. The curare-tipped dart hits the meliai.
The meliai is poisoned.
The meliai convulses.
The meliai seems to slow down.
The meliai is moderately wounded.
The meliai hits you with a +0 broad axe.
You block the meliai's attack.
The meliai hits you with a +0 broad axe!
The meliai stings you but does no damage.
You closely miss the meliai. You bite the meliai. You drain its power.
You feel invigorated.
The meliai is severely wounded.
The meliai hits you with a +0 broad axe!
* * * LOW HITPOINT WARNING * * *
The meliai stings you.
The meliai hits you with a +0 broad axe!
* * * LOW HITPOINT WARNING * * *
The meliai stings you.
* * * LOW HITPOINT WARNING * * *
Uskayaw will force your foes to helplessly watch your dance.
You slash the meliai!
You kill the meliai!
The meliai barely misses you. The meliai stings you.
* * * LOW HITPOINT WARNING * * *
You are poisoned.
The meliai poisons you! Magic courses through your body.
You feel very sick. You block the meliai's attack. The meliai stings you!
* * * LOW HITPOINT WARNING * * *
You are lethally poisoned!
The meliai poisons you! You block the meliai's attack.
The meliai barely misses you.
Throw: 3 darts (curare)
Press: ? - help, Q - select action, (/) - cycle Shift-Dir - straight line, f - meliai
Aim: a meliai, wielding a +0 hand axe and wearing a +0 leather armour (54% to hit)
You throw a curare-tipped dart.
The curare-tipped dart closely misses the meliai.
You die...

##.....##.. ##.......#>#
#####..........#
..#............# . ## #.#
#.....†...#### ##. ..
#.#.#.........##..
....#.##.#.#.........#..#
#.#.#..#y#.#.<.......#.##
.....#@#.#............#
...#.#.#...#.#.#.#..#
##.#.#.#............#
#....#.#...#.#.#.#...
#.#.##..............# #
#......#.#.#.#.#..#
+..(.#...........##
#######..#.#.#.#.#
#.........#


You could see a meliai.

Vanquished Creatures
  3 two-headed ogres
  An ugly thing (D:9)
  A cyclops (D:8)
  2 meliai (D:10)
  A wyvern (D:9)
  10 yaks
  A steam dragon (D:9)
  Menkaure (D:4)
  Duvessa (D:6)
  2 water moccasins
  6 orc warriors
  3 sky beasts
  2 ice beasts
  5 centaurs
  2 phantoms
  9 kobold brigands
  Blork the orc (D:6)
  A bullfrog (D:7)
  2 gnoll sergeants
  4 scorpions
  Dowan (D:6)
  2 water moccasin skeletons
  5 wights (D:7)
  2 howler monkeys (D:7)
  2 centaur zombies
  2 bullfrog zombies (D:6)
  3 orc priests
  3 hounds
  Crazy Yiuf (D:6)
  A bullfrog skeleton (D:5)
  2 jellies
  4 iguanas
  6 orc wizards
  A hound zombie (D:5)
  15 gnolls
  A howler monkey zombie (D:9)
  10 adders
  2 river rats (Sewer)
  2 shadow imps
  A white imp (D:8)
  An ufetubus (D:4)
  3 worms
  An adder zombie (D:5)
  27 orcs
  9 ball pythons
  4 bats
  4 endoplasms
  3 giant cockroaches
  8 goblins
  9 hobgoblins
  10 jackals
  7 quokkas
  8 frilled lizards
  30 kobolds
  17 rats
265 creatures vanquished.

Vanquished Creatures (others)
  A plant (Sewer)
1 creature vanquished.

Grand Total: 266 creatures vanquished

Notes
Turn   | Place    | Note
-------+----------+-------------------------------------------
     0 | D:1      | Deminshera the Vine Stalker Brigand began the quest for the
                  | Orb.
     0 | D:1      | Reached XP level 1. HP: 11/11 MP: 2/2
   202 | D:1      | Reached skill level 5 in Stealth
   202 | D:1      | Reached XP level 2. HP: 8/15 MP: 1/3
   923 | D:1      | Reached XP level 3. HP: 18/18 MP: 4/4
  1354 | D:2      | Found a faded altar of an unknown god.
  1739 | D:1      | Gained mutation: Your natural rate of healing is unusually
                  | fast. [Vine Stalker growth]
  1739 | D:1      | Reached XP level 4. HP: 3/23 MP: 2/5
  2360 | D:3      | Found a glowing drain.
  2368 | D:3      | Reached XP level 5. HP: 26/27 MP: 3/6
  2425 | Sewer    | Entered a sewer
  2661 | Sewer    | Noticed a kobold brigand
  2677 | Sewer    | Killed a kobold brigand
  2678 | Sewer    | Reached XP level 6. HP: 23/32 MP: 7/7
  3175 | D:3      | Found Vesyomiz's Jewellery Boutique.
  3823 | D:4      | Reached XP level 7. HP: 37/37 MP: 8/8
  3883 | D:4      | Noticed Menkaure
  3891 | D:4      | Killed Menkaure
  4147 | D:4      | Found a staircase to the Ecumenical Temple.
  4152 | Temple   | Entered the Ecumenical Temple
  4645 | D:5      | Entered Level 5 of the Dungeon
  4815 | D:5      | Gained mutation: You have razor-sharp teeth. [Vine Stalker
                  | growth]
  4815 | D:5      | Reached XP level 8. HP: 34/42 MP: 7/9
  4818 | D:5      | Reached skill level 5 in Short Blades
  4822 | D:5      | Reached skill level 5 in Fighting
  4887 | D:5      | Found a shimmering altar of Xom.
  4991 | D:5      | Found a hide-covered altar of Uskayaw.
  5014 | D:5      | Became a worshipper of Uskayaw the Reveller
  5153 | D:5      | Reached * piety under Uskayaw
  5157 | D:5      | Reached ** piety under Uskayaw
  5162 | D:5      | Reached *** piety under Uskayaw
  5167 | D:5      | Reached **** piety under Uskayaw
  5536 | D:6      | Noticed Duvessa
  5536 | D:6      | Noticed Dowan
  5543 | D:6      | Killed Duvessa
  5544 | D:6      | Reached skill level 1 in Invocations
  5544 | D:6      | Reached skill level 1 in Evocations
  5546 | D:6      | Killed Dowan
  5595 | D:6      | Noticed Blork the orc
  5604 | D:6      | Reached ***** piety under Uskayaw
  5605 | D:6      | Killed Blork the orc
  5613 | D:6      | Reached XP level 9. HP: 44/48 MP: 9/11
  5795 | D:6      | Reached skill level 1 in Shields
  6008 | D:6      | Found a runed translucent door.
  6009 | D:6      | Noticed Crazy Yiuf
  6261 | D:6      | Killed Crazy Yiuf
  6317 | D:7      | Found an opulent altar of Gozag.
  6317 | D:7      | Found a white marble altar of Elyvilon.
  6317 | D:7      | Found a broken altar of Ashenzari.
  6317 | D:7      | Found a burning altar of Makhleb.
  6317 | D:7      | Found a radiant altar of Vehumet.
  6961 | D:7      | Reached skill level 1 in Long Blades
  7207 | D:7      | Found a bloodstained altar of Trog.
  7220 | D:7      | Found a shimmering blue altar of Sif Muna.
  7226 | D:7      | Reached XP level 10. HP: 55/55 MP: 14/14
  7231 | D:7      | Got Sif Muna's Incunabulum of Ice and Curses
  7703 | D:8      | Noticed a cyclops
  7716 | D:8      | Killed a cyclops
  7815 | D:8      | Found a flagged portal.
  7832 | Bailey   | Entered a bailey
  8042 | Bailey   | Found a bloodstained altar of Trog.
  8383 | D:8      | Reached skill level 5 in Invocations
  8598 | D:8      | Noticed a two-headed ogre
  8646 | D:8      | Killed a two-headed ogre
  9529 | D:9      | Noticed a green ugly thing
  9543 | D:9      | Killed a green ugly thing
  9544 | D:9      | Reached skill level 5 in Evocations
  9591 | D:9      | Found an ancient bone altar of Kikubaaqudgha.
  9603 | D:9      | Found a hazy altar of Hepliaklqana.
 10207 | D:10     | Entered Level 10 of the Dungeon
 10230 | D:10     | Noticed a two-headed ogre
 10240 | D:10     | HP: 1/56 [yak (7)]
 10311 | D:9      | Killed a two-headed ogre
 10312 | D:9      | Reached XP level 11. HP: 24/60 MP: 4/16
 10645 | D:10     | Noticed a two-headed ogre
 10673 | D:9      | Killed a two-headed ogre
 10674 | D:9      | Reached skill level 5 in Shields
 10742 | D:10     | HP: 3/60 [meliai (2)]
 10743 | D:10     | Succumbed to a meliai's poison

Illustrated notes

Levels and vault maps discovered:
D:1:      minmay_arrival_split_and_join, layout_loops_ring
D:2:      layout_rooms, hellmonk_ecumenical_altar_heavens_door
D:3:      layout_rooms, serial_shops, shop, portal_sewer_entry_c
D:4:      layout_loops_corners, minmay_temple_entry_proselytizer, uniq_menkaure
D:5:      layout_loops_ring, lemuel_round_altar, xom_teletrap_fun,
          grunt_ministairs_8
D:6:      layout_basic, st_stairs_13, minmay_misc_feat_rows, uniq_duvessa,
          uniq_blork_the_orc, uniq_crazy_yiuf_cottage
D:7:      layout_basic, nzn_overflow_gifts_of_might_and_magic,
          grunt_temple_overflow_open, corexii_leaking_fountain
D:8:      layout_cave_pods, enter_bailey_5
D:9:      layout_gridville, mainiacjoe_overflow_catch_the_wave,
          grunt_ministairs_15
D:10:     layout_rooms, mainiacjoe_overflow_catwalk, serial_co_window_serial,
          co_window_paths_b, co_window_paths_a, co_window_paths_a,
          co_window_paths_b, co_window_corner_a, co_window_2corner,
          co_window_of_opportunity_c, co_window_broadway_a, co_window_sun,
          co_window_paths_e, glass_columns_a, glass_columns_c, glass_columns_c,
          glass_columns_a, glass_columns_c, serial_shops,
          nicolae_shop_behind_doors
Temple:   jpeg_temple_alley_garden

Skill      XL: |  1  2  3  4  5  6  7  8  9 10 11 |
---------------+----------------------------------+-----
Short Blades   | 2 3 4 6 |  6.9
Throwing       | 2 |  2.0
Stealth        | 5 6 7 8 |  8.0
Fighting       | 2 3 4 6 7 8 |  8.5
Invocations    | 2 4 6 |  6.5
Evocations     | 1 3 5 |  5.9
Shields        | 2 4 5 |  5.3
Long Blades    | 1 4 |  4.6
Dodging        | |  0.7

Action                   |  1- 3 |  4- 6 |  7- 9 | 10-12 || total
-------------------------+-------+-------+-------+-------++-------
Melee: Dagger            |    80 |    43 |       |       ||   123
       Bite              |    14 |    42 |   109 |    49 ||   214
       Punch             |     2 |     1 |     4 |       ||     7
       Short sword       |       |   159 |   337 |       ||   496
       Scimitar          |       |       |    33 |   184 ||   217
Throw: Dart              |     9 |     2 |       |    13 ||    24
Invok: Stomp             |       |       |       |     1 ||     1
  Use: Scroll            |       |     9 |       |     3 ||    12
       Potion            |       |       |       |     1 ||     1
 Stab: Sleeping          |    14 |     8 |    13 |     7 ||    42
       Distracted        |       |     3 |     3 |       ||     6
       Paralysed         |       |       |     9 |    18 ||    27
Armor: Leather armour    |    15 |    49 |   126 |    55 ||   245
Dodge: Dodged            |    32 |    92 |   138 |    81 ||   343
Block: Kite shield       |       |       |    54 |   109 ||   163

Table legend: (Time is in decaauts)
 A = Elapsed time spent in this place.
 B = Non-inter-level travel time spent in this place.
 C = Inter-level travel time spent in this place.
 D = Time resting spent in this place.
 E = Time spent auto-exploring this place.
 F = Levels seen in this place.
 G = Mean time per level.
                   A        B        C        D        E       F      G
               +--------+--------+--------+--------+--------+-----+--------+
         Total |  10897 |  10303 |    594 |    938 |   7051 |  13 |  838.2 |
       Dungeon |   9472 |   8931 |    541 |    843 |   6100 |  10 |  947.2 |
        Temple |    227 |    174 |     53 |      0 |    169 |   1 |  227.0 |
         Sewer |    868 |    868 |      0 |      0 |    667 |   1 |  868.0 |
        Bailey |    329 |    329 |      0 |     95 |    114 |   1 |  329.0 |
               +--------+--------+--------+--------+--------+-----+--------+

Top non-repeatable levels by time:
     D:7: 1469 daAuts
     D:8: 1434 daAuts
     D:1: 1316 daAuts
     D:4: 1065 daAuts
     D:9: 988 daAuts
   Sewer: 868 daAuts
     D:5: 842 daAuts
     D:2: 781 daAuts
     D:6: 769 daAuts
     D:3: 524 daAuts
  Bailey: 329 daAuts
    D:10: 280 daAuts
  Temple: 227 daAuts
